 Dungeon Crawl Stone Soup version 0.27-a0-1456-gf5a116941d (webtiles) character file.

Game seed: 14647723023945744542

29 freelancePsychic the Magician (level 3, 0/27 HPs)
             Began as a Djinni Summoner on July 6, 2021.
             Killed from afar by Natasha (4 damage)
             ... with a magic dart
             ... on level 2 of the Dungeon.
             The game lasted 00:01:54 (1347 turns).

freelancePsychic the Magician (Djinni Summoner)     Turns: 1347, Time: 00:01:55

Health: 0/27       AC:  6    Str:  7    XL:     3   Next: 32%
Gold:   57         EV: 12    Int: 17    God:
                   SH:  0    Dex: 13

rFire    + + .     SeeInvis .   f - +3 short sword
rCold    x . .     Faith    .   (no shield)
rNeg     . . .     Spirit   .   a - +0 robe
rPois    ∞         Reflect  .   (no helmet)
rElec    .         Harm     .   (no cloak)
rCorr    .         Rampage  .   (no gloves)
Will     .....                  (boots unavailable)
Stlth    ++........             (no amulet)
HPRegen  0.09/turn              b - +4 ring of protection
MPRegen  0.00/turn              (no ring)

@: flying, slowed, very slow
A: sickness immunity, fire resistance 2, cold vulnerability 1, float, innate
caster, hp casting, extra vitality 1
a: no special abilities


You were on level 2 of the Dungeon.
You visited 1 branch of the dungeon, and saw 2 of its levels.

You collected 57 gold pieces.

Inventory:

Hand Weapons
 f - a +3 short sword (weapon)
Armour
 a - a +0 robe (worn)
Jewellery
 b - a +4 ring of protection (left hand)
Scrolls
 e - a scroll of enchant weapon {unknown}
 g - a scroll of noise {unknown}
Potions
 c - a potion of lignification {unknown}
 d - a potion of resistance {unknown}


   Skills:
 + Level 1.3 Fighting
 + Level 0.9 Short Blades
 - Level 2.1 Dodging
 - Level 1.5 Stealth
 + Level 3.6 Spellcasting


You couldn't memorise any spells.
You knew the following spells:

 Your Spells              Type           Power      Damage    Failure   Level
a - Summon Small Mammal   Summ           60%        N/A       3%          1
b - Call Imp              Summ           15%        N/A       5%          2
c - Call Canine Familiar  Summ           15%        N/A       11%         3
d - Summon Guardian Gole  Hex/Summ       15%        N/A       11%         3
e - Summon Lightning Spi  Summ/Air       15%        N/A       36%         4
f - Sandblast             Erth           30%        2d9       3%          1
Your spell library was empty.

Dungeon Overview and Level Annotations

Branches:
Dungeon (2/15)

Altars:

Annotations:
D:2 Natasha


Innate Abilities, Weirdness & Mutations

You are immune to sickness and miasma.
You are immune to poison.
Your flesh is very heat resistant. (rF++)
You are vulnerable to cold. (rC-)
You float through the air rather than walking.
You learn spells naturally, not from books.
Your magical power is your life essence.
You have superior vitality. (+4 HP)


Message History

Confirm with . or Enter, or press ? or * to list all spells.
You miscast Summon Small Mammal.
You are very lightly contaminated with residual magic.
Nothing appears to happen.
Natasha claws you but does no damage. Natasha closely misses you.
You barely miss Natasha.
Your rat barely misses Natasha.
Natasha casts a spell at you. You resist with some effort.
Your rat bites Natasha but does no damage.
You miss Natasha.
Your rat barely misses Natasha.
Natasha closely misses you.
Your rat bites Natasha. x2
Natasha stares at you and mumbles some strange words.
The magic dart hits you.
You closely miss Natasha.
Natasha is lightly wounded.
Your rat barely misses Natasha.
Your rat completely misses Natasha.
Natasha claws you!
* * * LOW HITPOINT WARNING * * *
Your rat closely misses Natasha.
Your rat barely misses Natasha.
Natasha barely misses your rat.
Your rat bites Natasha.
Your rat barely misses Natasha.
Natasha claws your rat but does no damage.
Your magical contamination has completely faded away.
Casting: Summon Small Mammal (safe; 3% risk of failure)
Confirm with . or Enter, or press ? or * to list all spells.
* * * LOW HITPOINT WARNING * * *
Your rat barely misses Natasha.
Your rat closely misses Natasha.
Natasha stares at you and mumbles some strange words.
The magic dart hits your rat!
Your rat dies!
Your rat's corpse disappears in a puff of smoke!
Your rat bites Natasha.
Your quokka closely misses Natasha.
Natasha casts a spell at you. The magic dart hits your quokka!
Your quokka dies!
Your quokka's corpse disappears in a puff of smoke!
Your rat bites Natasha.
Natasha casts a spell at you. The magic dart hits you.
You die...

#.## #####
#.#. ###...##
#.#. ......#
#.#. #....#
#.#. #....#
###.## #.?..#
#.....
#.rh.##.#
#.#.##
#......##@##.#
#.#... #......
#.##.# #.####
#...... #.##.#
#.# ###+..+
##.#.# #.# ...
#.#.# #.# ♣...
#.#.########.#
♣♣..
#.....†......#
###.#......###
#.#..........


You could see Natasha (ally target) and a friendly rat (summoned).

Vanquished Creatures
  A dart slug (D:2)
  3 endoplasms
  3 goblins (D:1)
  2 hobgoblins (D:1)
  2 jackals (D:1)
  A quokka (D:1)
  A frilled lizard (D:1)
  2 kobolds (D:1)
  2 rats (D:1)
17 creatures vanquished.

Vanquished Creatures (collateral kills)
  A gnoll (D:1)
  A giant cockroach (D:1)
  A goblin (D:1)
  2 jackals (D:1)
5 creatures vanquished.

Grand Total: 22 creatures vanquished

Notes
Turn   | Place    | Note
-------+----------+-------------------------------------------
     0 | D:1      | freelancePsychic the Djinni Summoner began the quest for
                  | the Orb.
     0 | D:1      | Reached XP level 1. HP: 15/15 MP: 0/0
   532 | D:1      | Reached XP level 2. HP: 22/22 MP: 0/0
   705 | D:1      | Reached skill level 1 in Fighting
   973 | D:1      | Reached XP level 3. HP: 27/27 MP: 0/0
   973 | D:1      | Learned a level 1 spell: Sandblast
  1334 | D:2      | Noticed Natasha
  1347 | D:2      | Killed from afar by Natasha

Illustrated notes

Levels and vault maps discovered:
D:1:      mrwooster_arrival_arrow, layout_basic, serial_curves, eino_curves_02,
          eino_curves_03, eino_curves_01, wad_floor_pattern_untrapped
D:2:      minmay_thinvault, layout_basic,
          hellmonk_ecumenical_altar_leap_of_faith, basic_altar, st_stairs_11,
          uniq_terence, uniq_crazy_yiuf_cottage, uniq_natasha

Skill      XL: |  1  2 |
---------------+-------+-----
Fighting       | 1 |  1.3
Short Blades   | |  0.9
Dodging        | |  2.1
Stealth        | |  1.5
Spellcasting   | |  3.6

Action                   || total
-------------------------++-------
Melee: Dagger            ||    25
       Unarmed           ||     3
       Short sword       ||    36
 Cast: Summon Small Mamm ||    18
 Stab: Sleeping          ||     2
       Distracted        ||     2
Armor: Robe              ||    19
Dodge: Dodged            ||    52

Table legend: (Time is in decaauts)
 A = Elapsed time spent in this place.
 B = Non-inter-level travel time spent in this place.
 C = Inter-level travel time spent in this place.
 D = Time resting spent in this place.
 E = Time spent auto-exploring this place.
 F = Levels seen in this place.
 G = Mean time per level.
                   A        B        C        D        E       F      G
               +--------+--------+--------+--------+--------+-----+--------+
         Total |   1354 |   1333 |     21 |      0 |   1136 |   2 |  677.0 |
       Dungeon |   1354 |   1333 |     21 |      0 |   1136 |   2 |  677.0 |
               +--------+--------+--------+--------+--------+-----+--------+

Top non-repeatable levels by time:
     D:1: 1252 daAuts
     D:2: 102 daAuts
